 Dungeon Crawl Stone Soup version 0.28-a0-1447-ga5a8893891 (webtiles) character file.

Game seed: 14936246236430532880

106232 herbaltea the Thaumaturge (level 15, -7/122 HPs)
             Began as a Mummy Necromancer on Jan 11, 2022.
             Was the Champion of Kikubaaqudgha.
             Mangled by a tentacled monstrosity (11 damage)
             ... on level 4 of the Abyss.
             The game lasted 04:14:35 (40536 turns).

herbaltea the Thaumaturge (Mummy Necromancer)      Turns: 40536, Time: 04:14:35

Health: -7/122     AC: 10    Str: 14    XL:     15   Next: 97%
Magic:  33/33      EV: 16    Int: 20    God:    Kikubaaqudgha [******]
Gold:   2408       SH:  0    Dex: 12    Spells: 14/42 levels left

rFire   . . .      SeeInvis .   b - +9 eveningstar (pain)
rCold   . . .      Faith    .   (no shield)
rNeg    + + +      Spirit   .   A - +0 troll leather armour
rPois   ∞          Reflect  .   r - +0 helmet
rElec   .          Harm     .   M - +0 cloak {Will+}
rCorr   .          Rampage  .   N - +1 pair of gloves
Will    ++...                   m - +0 pair of boots {Fly}
Stlth   ++++......              C - amulet of regeneration
HPRegen 1.90/turn               q - ring of fire
MPRegen 0.23/turn               Z - +4 ring of evasion

@: flying, constricted, studying Axes
A: cold resistance 1, negative energy resistance 3, torment resistance 2, heat
vulnerability 1, in touch with death 1, no potions
a: Renounce Religion, Receive Corpses, Torment


You were on level 4 of the Abyss.
You worshipped Kikubaaqudgha.
Kikubaaqudgha was exalted by your worship.
You visited 4 branches of the dungeon, and saw 24 of its levels.
You visited the Abyss 1 time.
You also visited: Volcano.

You collected 2522 gold pieces.
You spent 114 gold pieces at shops.

Inventory:

Hand Weapons
 a - the +8 whip "Snakebite" {venom, curare, rPois}
   (You found it on level 5 of the Lair of Beasts)

   It poisons the flesh of those it strikes.
   It occasionally inflicts asphyxiating poison on those it strikes, dealing
   poison damage and causing slowness.
   rPois:     It protects you from poison.
 b - a +9 eveningstar of pain (weapon)
 t - a +1 demon whip of draining
 B - the +6 rapier "Obuk" {drain, *Noise Fly rElec}
   (You found it on level 12 of the Dungeon)

   A truly terrible weapon, it drains the life of any living foe it strikes.
   rElec:     It insulates you from electricity.
   Fly:       It grants you flight.
   *Noise:    It may make noises in combat.
 K - a +1 dagger of distortion
Missiles
 f - 164 poisoned darts
 w - 8 throwing nets
 z - 8 boomerangs of dispersal
 R - 3 curare-tipped darts
 Y - 16 atropa-tipped darts
Armour
 d - a scarf of harm
 l - a +3 leather armour of fire resistance
 m - a +0 pair of boots of flying (worn)
 r - a +0 helmet (worn)
 A - a +0 troll leather armour (worn)
 M - a +0 cloak of willpower (worn)
 N - a +1 pair of gloves (worn)
 X - a +2 kite shield of reflection
Magical Staves
 e - a staff of earth
 j - a staff of cold
Jewellery
 c - the ring "Wouschez" {Int+6 Dex+5}
   (You took it off a necromancer on level 13 of the Dungeon)

   [ring of intelligence]

   Int:       It affects your intelligence (+6).
   Dex:       It affects your dexterity (+5).
 g - an amulet of reflection
 n - the ring of Awkaixes {*Slow rPois rC+ rN+}
   (You found it on level 1 of the Lair of Beasts)

   [ring of positive energy]

   rC:        It protects you from cold.
   rPois:     It protects you from poison.
   rN:        It protects you from negative energy.
   *Slow:     It may slow you when you take damage.
 o - a ring of resist corrosion
 p - a ring of willpower
 q - a ring of fire (left hand)
 C - an amulet of regeneration (around neck)
 H - an amulet of the acrobat
 O - a +6 ring of dexterity
 Z - a +4 ring of evasion (right hand)
Wands
 h - a wand of acid (17)
 i - a wand of flame (23)
 u - a wand of paralysis (14)
 F - a wand of iceblast (9)
 S - a wand of mindburst (20)
Scrolls
 k - 9 scrolls of identify
 s - 4 scrolls of immolation
 v - 2 scrolls of silence
 x - 4 scrolls of teleportation
 y - 2 scrolls of amnesia
 D - a scroll of vulnerability
 E - 4 scrolls of fog
 G - 4 scrolls of brand weapon
 J - 3 scrolls of magic mapping
 L - 2 scrolls of enchant weapon
 Q - 3 scrolls of enchant armour
 T - 2 scrolls of acquirement
 U - a scroll of holy word
 V - a scroll of fear
Miscellaneous
 I - a lightning rod (4/4)
 P - a piece from Xom's chessboard (12/15)


   Skills:
 + Level 12.4 Fighting
 * Level 1.4(3.0) Axes
 - Level 4.1(4.2) Maces & Flails
 - Level 4.0 Armour
 - Level 10.0 Dodging
 - Level 10.0 Stealth
 * Level 5.1 Shields
 - Level 14.0 Spellcasting
 - Level 14.0 Necromancy
 - Level 5.0 Translocations
 - Level 5.0 Earth Magic


You had 14 spell levels left.
You knew the following spells:

 Your Spells              Type           Power      Damage    Failure   Level
a - Animate Dead          Necr           40%        N/A       1%          4
b - Pain                  Necr           100%       1d9       1%          1
c - Corpse Rot            Necr/Air       100%       N/A       1%          2
d - Death Channel         Necr           40%        N/A       2%          6
e - Anguish               Hex/Necr       29%        N/A       3%          4
g - Borgnjor's Vile Clut  Necr/Erth      33%        N/A       3%          5
v - Vampiric Draining     Necr           81%        2d11      1%          3
z - Animate Skeleton      Necr           100%       N/A       1%          1
B - Blink                 Tloc           68%        N/A       1%          2

Your spell library contained the following spells:

 Spells                   Type           Power      Damage    Failure   Level
 Agony                    Necr           81%        N/A       1%          5
 Gell's Gravitas          Tloc           34%        N/A       2%          3
 Lesser Beckoning         Tloc           34%        N/A       2%          3
 Teleport Other           Tloc           34%        N/A       2%          3
 Freeze                   Ice            56%        1d7       5%          1
 Shock                    Conj/Air       56%        1d6       5%          1
 Stone Arrow              Conj/Erth      48%        3d10      6%          3
 Passage of Golubria      Tloc           34%        N/A       7%          4
 Ensorcelled Hibernation  Hex/Ice        28%        N/A       9%          2
 Poisonous Vapours        Pois/Air       28%        N/A       9%          2
 Confusing Touch          Hex            14%        N/A       17%         3
 Conjure Flame            Conj/Fire      21%        6-21      17%         3
 Dazzling Flash           Conj/Hex       28%        N/A       17%         3
 Frozen Ramparts          Ice            28%        1d4       17%         3
 Ignite Poison            Fire/Tmut/Pois 21%        N/A       17%         3
 Ozocubu's Armour         Ice            14%        N/A       17%         3
 Swiftness                Air            14%        N/A       17%         3
 Tukima's Dance           Hex            14%        N/A       17%         3
 Animate Armour           Summ/Erth      48%        N/A       21%         4
 Manifold Assault         Tloc           34%        N/A       21%         5
 Simulacrum               Ice/Necr       29%        N/A       43%         6
 Airstrike                Air            7%         N/A       50%         4
 Hailstorm                Conj/Ice       14%        3d5       50%         4
 Sticky Flame             Conj/Fire      21%        2d4       50%         4
 Summon Ice Beast         Ice/Summ       14%        N/A       50%         4
 Summon Lightning Spire   Summ/Air       14%        N/A       50%         4
 Summon Forest            Summ/Tloc      12%        N/A       50%         5
 Dispersal                Tloc           17%        N/A       73%         6
 Silence                  Hex/Air        7%         N/A       83%         5
 Summon Mana Viper        Hex/Summ       14%        N/A       83%         5
 Yara's Violent Unravell  Hex/Tmut       7%         3d5       83%         5
 Iron Shot                Conj/Erth      12%        9d3       97%         6
 Eringya's Noxious Bog    Tmut/Pois      7%         N/A       100%        6
 Enfeeble                 Hex            7%         N/A       100%        7
 Monstrous Menagerie      Summ           7%         N/A       100%        7
 Ozocubu's Refrigeration  Ice            7%         4d6       100%        7
 Summon Hydra             Summ           7%         N/A       100%        7
 Lehudib's Crystal Spear  Conj/Erth      12%        10d4      100%        8
 Maxwell's Capacitive Co  Air            7%         ∞         100%        8
 Spider Form              Tmut/Pois      Unusable   N/A       N/A         3
 Blade Hands              Tmut           Unusable   N/A       N/A         5
 Storm Form               Tmut/Air       Unusable   N/A       N/A         7

Dungeon Overview and Level Annotations

Branches:
Dungeon (15/15)            Temple (1/1) D:5            Lair (6/6) D:9
 Shoals (0/4) Lair:3       Spider (0/4) Lair:4        Slime (0/5) Lair:6
    Orc (2/2) D:12            Elf (0/3) Orc:2        Vaults (0/5) D:14
 Depths (0/4) D:15        Volcano (visited)

Altars:
Ashenzari
Cheibriados
Dithmenos
Elyvilon
Fedhas
Gozag
Hepliaklqana
Kikubaaqudgha
Makhleb
Nemelex Xobeh
Okawaru
Qazlal
Ru
Sif Muna
Trog
Uskayaw
Vehumet
Wu Jian
Xom
Yredelemnul
Zin
The Shining One
Beogh
Jiyva

Shops:
D:3 :   D:9 =?=[   Orc:2 (

Annotations:
D:9 Gastronok
D:10 exclusion: vampire, Nergalle
D:12 3 runed translucent doors, box beasts vault, exclusion: 3 doors, Xog Dupt's ghost, journeyman TrMo
D:13 1 runed translucent door
Lair:3 1 runed translucent door, exclusion: door, Tulew's ghost, journeyman NaTm
Orc:2 Saint Roka


Innate Abilities, Weirdness & Mutations

You are immune to poison.
Your flesh is cold resistant. (rC+)
You are immune to negative energy. (rN+++)
You are immune to unholy pain and torment.
You are vulnerable to heat. (rF-)
You are in touch with the powers of death.
You do not drink.


Message History

The tentacled monstrosity constricts you!
* * * LOW HITPOINT WARNING * * *
The tentacled monstrosity barely misses you.
The tentacled monstrosity tentacle-slaps you.
* * * LOW HITPOINT WARNING * * *
The tentacled monstrosity tentacle-slaps you!
* * * LOW HITPOINT WARNING * * *
The tentacled monstrosity constricts you!
* * * LOW HITPOINT WARNING * * *
You barely miss the tentacled monstrosity.
The tentacled monstrosity is severely wounded.
The tentacled monstrosity tentacle-slaps you but does no damage.
The tentacled monstrosity misses you.
The tentacled monstrosity tentacle-slaps you but does no damage.
The tentacled monstrosity constricts you!
* * * LOW HITPOINT WARNING * * *
Okay, then.
Aiming: Paralyse
Press: ? - help, Shift-Dir - straight line, f - tentacled monstrosity
Aim: a tentacled monstrosity (severely wounded, constricting you, chance to affect: 0%)
Okay, then.
Okay, then.
What are your orders? t - Shout!
Orders for allies: a - Attack new target. r - Retreat! s - Stop attacking. g - Guard the area. f - Follow me.
Anything else - Cancel.
You shout for attention!
You hear a shout!
You hear a croak.
The tentacled monstrosity tentacle-slaps you but does no damage. x2
The tentacled monstrosity barely misses you.
The tentacled monstrosity constricts you.
* * * LOW HITPOINT WARNING * * *
You hear a chilling moan.
Unknown command.
You thump the tentacled monstrosity!
The tentacled monstrosity is almost dead.
The tentacled monstrosity tentacle-slaps you!
You die...
Kikubaaqudgha rasps: "You have failed me!
Welcome... oblivion!"

.. ... ## ... ## ..
#W #. . ..###..##
.X..# ##.≈♣ ###
.....≈x≈≈ .. #@###
#≈≈ ≈
#.###X##.♣≈≈≈##
#....# ≈...# #..
≈≈≈≈ ##..#
#.#≈≈≈≈..# ..≈≈
≈...#### #. .≈
≈≈≈....##.###### .
≈≈≈≈.####.........#
≈≈≈.. # .. .# ##.
..


You could see a tentacled monstrosity.

Vanquished Creatures
  A stone giant (Volcano)
  4 dire elephants (Lair:6)
  Nessos (D:15)
  An ettin (Orc:1)
  A boulder beetle (D:14)
  4 vault guards (D:14)
  Harold (D:8)
  5 hydras
  Erica (D:11)
  2 catoblepae (D:13)
  5 centaur warriors
  8 death yaks
  2 two-headed ogres
  A death knight (D:14)
  A tengu warrior (D:13)
  Urug (D:11)
  A vampire mage (D:14)
  2 skeletal warriors
  A spectral death yak (Lair:6)
  An obsidian statue (Lair:6)
  A lindwurm (Lair:6)
  An orb spider (Lair:4)
  5 necromancers
  Pikel (D:9)
  A wizard (D:15)
  3 harpies (D:13)
  A deep elf archer (D:14)
  2 orc knights
  A tengu skeleton (D:15)
  A deep elf pyromancer (D:13)
  A frost giant zombie (D:15)
  An oklob plant (Lair:6)
  A wolf spider (D:13)
  A sphinx skeleton (D:15)
  2 orc sorcerers
  9 ugly things
  7 cyclopes
  10 black mambas
  Maurice (D:9)
  25 elephants
  A molten gargoyle (Volcano)
  9 cane toads
  A smoke demon (Abyss:4)
  A guardian serpent (shapeshifter) (D:13)
  4 gargoyles
  An unseen horror (D:12)
  A dire elephant skeleton (Lair:6)
  7 yaktaurs
  A kobold demonologist (D:8)
  A rime drake (Lair:3)
  6 komodo dragons
  A freezing wraith (D:14)
  2 efreet
  A guardian mummy (D:15)
  2 tengu conjurers
  A burning bush (Lair:2)
  3 meliai (Lair:4)
  2 queen bees
  5 trolls
  The ghost of oldriver the Skirmisher, an amateur FoCK of Xom (D:4)
  A hornet (D:8)
  2 polar bears (Lair:5)
  Grinder (D:3)
  8 slime creatures
  A blink frog (shapeshifter) (D:14)
  9 blink frogs
  A harpy skeleton (Abyss:4)
  A raiju (Abyss:4)
  A snapping turtle (Lair:3)
  A spriggan zombie (D:15)
  A spriggan (shapeshifter) (D:13)
  6 flying skulls (Abyss:4)
  4 wyverns
  64 yaks
  2 wraiths
  Sigmund (D:3)
  2 fire bats (Volcano)
  12 vampire mosquitoes (D:12)
  10 basilisks
  Grum (D:8)
  Edmund (D:4)
  A death yak simulacrum (Lair:6)
  3 wargs
  A small abomination (Abyss:4)
  An acid dragon (D:10)
  19 water moccasins
  2 large abominations (Abyss:4)
  A meliai simulacrum (D:15)
  13 orc warriors
  An elephant zombie (Lair:6)
  2 black bears
  A necrophage (D:8)
  10 ogres
  7 wolves
  5 centaurs
  4 elephant skeletons (Lair:6)
  A lemure (D:9)
  3 kobold brigands
  11 bullfrogs
  2 scorpions
  A wyvern zombie (D:6)
  2 gnoll sergeants
  2 cane toad simulacra (Lair:6)
  3 earth elementals (Volcano)
  51 killer bees
  6 wights
  A centaur zombie (D:9)
  6 lava snakes (Volcano)
  2 centaur skeletons
  A jelly (D:4)
  12 orc priests
  7 hounds
  A bullfrog skeleton (D:6)
  A gnoll shaman (D:6)
  Jessica (D:3)
  4 iguanas
  19 orc wizards
  2 howler monkey zombies
  Robin (D:4)
  18 gnolls
  A howler monkey skeleton (D:5)
  6 adders
  3 ufetubi
  2 adder skeletons
  2 worms
  55 orcs
  4 bats (D:3)
  9 endoplasms
  6 giant cockroaches
  18 goblins
  16 hobgoblins
  9 jackals
  A quokka (D:2)
  4 ball pythons
  A frilled lizard (D:3)
  26 kobolds
  A rat (D:2)
693 creatures vanquished.

Vanquished Creatures (collateral kills)
  A dire elephant (Lair:6)
  A hydra (Lair:6)
  A spectral anaconda (Lair:6)
  2 manticores (D:13)
  An ugly thing (D:13)
  An elephant (Lair:3)
  A cane toad (Lair:1)
  2 komodo dragons
  A freezing wraith (D:13)
  A burning bush (Lair:2)
  A troll (Orc:2)
  A troll (shapeshifter) (D:13)
  A polar bear (Lair:1)
  2 slime creatures (D:12)
  A blink frog (Lair:3)
  5 yaks
  A basilisk (Lair:2)
  A warg (Orc:2)
  3 water moccasins
  3 wolves (Lair:4)
  A kobold brigand (D:6)
  A bullfrog (Lair:1)
  An earth elemental (Volcano)
  A bullfrog zombie (D:6)
  A centaur zombie (D:10)
  2 orc priests
  2 hounds (D:6)
  A gnoll shaman (D:6)
  2 orc wizards
  A killer bee zombie (D:8)
  A gnoll (D:6)
  A river rat (Lair:2)
  3 orcs (Orc:2)
  An endoplasm (D:2)
  A kobold (D:6)
  4 butterflies
55 creatures vanquished.

Vanquished Creatures (others)
  An orc warlord (Orc:2)
  10 orc warriors (Orc:2)
  An orc priest (Orc:2)
  5 orcs (Orc:2)
  58 fungi
  116 plants
  4 toadstools (D:8)
  33 withered plants
228 creatures vanquished.

Grand Total: 976 creatures vanquished

Notes
Turn   | Place    | Note
-------+----------+-------------------------------------------
     0 | D:1      | herbaltea the Mummy Necromancer began the quest for the
                  | Orb.
     0 | D:1      | Reached XP level 1. HP: 13/13 MP: 4/4
    12 | D:1      | Learned a level 1 spell: Animate Skeleton
   420 | D:1      | Reached XP level 2. HP: 20/20 MP: 5/5
   651 | D:1      | Found a faded altar of an unknown god.
  1409 | D:2      | Reached XP level 3. HP: 17/25 MP: 7/7
  1470 | D:2      | Reached skill level 1 in Fighting
  1946 | D:3      | Learned a level 3 spell: Vampiric Draining
  1959 | D:3      | Found Noff's Book Shop.
  1959 | D:3      | Noticed Sigmund
  2008 | D:3      | Reached XP level 4. HP: 25/32 MP: 8/8
  2393 | D:4      | Noticed Edmund
  2417 | D:4      | Killed Edmund
  2418 | D:4      | Reached skill level 5 in Necromancy
  2418 | D:4      | Reached XP level 5. HP: 38/38 MP: 7/10
  2641 | D:4      | Reached XP level 6. HP: 38/44 MP: 8/12
  2922 | D:4      | Found a runed translucent gate.
  2922 | D:4      | Found a runed translucent gate.
  2956 | D:4      | Noticed Robin
  3010 | D:4      | Killed Robin
  3392 | D:4      | Found a runed translucent gate.
  3393 | D:4      | Noticed oldriver's ghost (amateur FoCK)
  3407 | D:3      | Noticed Jessica
  3423 | D:3      | Killed Jessica
  3565 | D:4      | Learned a level 2 spell: Blink
  3929 | D:5      | Entered Level 5 of the Dungeon
  4114 | D:5      | Reached XP level 7. HP: 50/51 MP: 13/13
  4230 | D:5      | Reached skill level 1 in Translocations
  4545 | D:5      | Found a staircase to the Ecumenical Temple.
  4554 | Temple   | Entered the Ecumenical Temple
  4812 | Temple   | Became a worshipper of Kikubaaqudgha
  5247 | D:6      | You fall into a shaft and drop 2 floors!
  5655 | D:6      | Reached skill level 5 in Spellcasting
  5655 | D:6      | Reached XP level 8. HP: 49/58 MP: 12/15
  6346 | D:6      | Reached * piety under Kikubaaqudgha
  6346 | D:6      | Received a gift from Kikubaaqudgha
  6597 | D:6      | Learned a level 2 spell: Corpse Rot
  6602 | D:6      | Learned a level 4 spell: Animate Dead
  6896 | D:6      | Reached XP level 9. HP: 51/65 MP: 17/17
  7779 | D:3      | Noticed Grinder
  7803 | D:3      | Paralysed by Grinder for 4 turns
  7817 | D:3      | Paralysed by Grinder for 6 turns
  7826 | D:3      | Paralysed by Grinder for 5 turns
  7860 | D:3      | Killed Grinder
  8325 | D:3      | Killed Sigmund
  8811 | D:7      | Found a radiant altar of Vehumet.
 10160 | D:8      | Reached ** piety under Kikubaaqudgha
 10592 | D:8      | Reached skill level 5 in Translocations
 10814 | D:8      | Reached skill level 5 in Fighting
 11060 | D:8      | Noticed Grum
 11078 | D:8      | Reached skill level 5 in Stealth
 11285 | D:8      | Killed Grum
 11286 | D:8      | Reached XP level 10. HP: 62/74 MP: 20/20
 11551 | D:8      | Noticed Harold
 11598 | D:8      | Noticed a cyclops
 11895 | D:9      | Found Avve's Jewellery Shoppe.
 12035 | D:9      | Noticed a smoke demon
 12037 | D:8      | Noticed a smoke demon
 12508 | D:9      | Found Epryr's Armour Shop.
 12516 | D:9      | Noticed Gastronok
 12605 | D:9      | Found Kanud's Magic Scroll Shop.
 12613 | D:9      | Bought a scroll of identify for 24 gold pieces
 12613 | D:9      | Bought a scroll of identify for 24 gold pieces
 12613 | D:9      | Bought a scroll of identify for 24 gold pieces
 12613 | D:9      | Bought a scroll of fear for 42 gold pieces
 12616 | D:9      | Identified a scroll of acquirement
 12627 | D:9      | Noticed Maurice
 12658 | D:9      | Killed Maurice
 12880 | D:9      | Reached skill level 5 in Dodging
 13499 | D:9      | Noticed Pikel
 13583 | D:9      | Killed Pikel
 13792 | D:9      | Found Raotuti's Jewellery Emporium.
 14315 | D:8      | Reached skill level 10 in Necromancy
 14481 | D:9      | Found a staircase to the Lair.
 15346 | D:10     | Entered Level 10 of the Dungeon
 15459 | D:10     | Noticed a gargoyle
 15472 | D:10     | Killed a gargoyle
 15473 | D:10     | Reached XP level 11. HP: 41/83 MP: 21/23
 15675 | D:10     | Noticed a two-headed ogre
 15780 | D:9      | Killed a two-headed ogre
 16345 | D:10     | Noticed Nergalle
 16592 | Lair:1   | Entered Level 1 of the Lair of Beasts
 17084 | Lair:1   | Reached *** piety under Kikubaaqudgha
 17084 | Lair:1   | Received a gift from Kikubaaqudgha
 17492 | Lair:1   | Identified the ring of Awkaixes {*Slow rPois rC+ rN+}
 17979 | Lair:2   | Learned a level 5 spell: Borgnjor's Vile Clutch
 18067 | Lair:2   | Reached skill level 1 in Earth Magic
 18337 | Lair:2   | Noticed an eight-headed hydra
 18679 | Lair:2   | Reached XP level 12. HP: 63/92 MP: 20/25
 19026 | Lair:2   | Reached skill level 10 in Spellcasting
 19647 | Lair:2   | Killed an eight-headed hydra
 20014 | Lair:2   | Reached **** piety under Kikubaaqudgha
 20904 | Lair:3   | Reached skill level 1 in Armour
 21328 | Lair:3   | Found a runed translucent door.
 21331 | Lair:3   | Noticed Tulew's ghost (journeyman NaTm)
 21331 | Lair:3   | Identified the +2 trident of Ivooc {holy, rC+ Str+2 Dex-5}
 21820 | Lair:3   | Found a staircase to the Shoals.
 22740 | Lair:4   | Noticed a four-headed hydra
 22756 | Lair:4   | Reached skill level 5 in Earth Magic
 23174 | Lair:4   | Gained mutation: You are in touch with the powers of death.
                  | [Mummy growth]
 23174 | Lair:4   | Reached XP level 13. HP: 86/100 MP: 20/27
 23508 | Lair:4   | Reached ***** piety under Kikubaaqudgha
 23511 | Lair:4   | HP: 2/100 [cloud of flame (15)]
 24073 | Lair:4   | Found a hole to the Spider Nest.
 24795 | Lair:5   | Found a dark tunnel.
 25070 | Volcano  | Entered a volcano
 25845 | Volcano  | Found a burning altar of Makhleb.
 26132 | Volcano  | Noticed a stone giant
 26148 | Volcano  | Killed a stone giant
 27904 | Lair:5   | Reached XP level 14. HP: 109/109 MP: 30/30
 27913 | Lair:5   | Reached skill level 10 in Fighting
 27994 | Lair:5   | Found the +8 whip "Snakebite" {venom, curare, rPois}
 28155 | Lair:6   | Entered Level 6 of the Lair of Beasts
 28251 | Lair:6   | Found a broken altar of Ashenzari.
 28962 | Lair:6   | Found a viscous altar of Jiyva.
 28962 | Lair:6   | Found a staircase to the Slime Pits.
 30053 | Lair:6   | Reached skill level 10 in Stealth
 31985 | D:8      | Killed Harold
 32171 | D:4      | Killed oldriver's ghost
 32532 | D:11     | Found a transporter.
 32538 | D:11     | Found a transporter.
 32560 | D:11     | Noticed Urug
 32560 | D:11     | Noticed Erica
 32569 | D:11     | Killed Erica
 32604 | D:11     | Found a transporter.
 32612 | D:11     | Found a transporter.
 32628 | D:11     | Found a transporter.
 32630 | D:11     | Found a transporter.
 32745 | D:11     | Killed Urug
 33439 | D:12     | Identified the +6 rapier "Obuk" {drain, *Noise Fly rElec}
 33442 | D:12     | Found a runed translucent gate.
 33443 | D:12     | Found a runed translucent gate.
 33445 | D:12     | Found a runed translucent gate.
 33587 | D:12     | Noticed Xog Dupt's ghost (journeyman TrMo)
 33647 | D:12     | Found a staircase to the Orcish Mines.
 34436 | D:12     | Noticed a sphinx
 35159 | D:13     | Reached XP level 15. HP: 94/119 MP: 32/32
 35450 | D:13     | Reached ****** piety under Kikubaaqudgha
 35451 | D:13     | Identified a +5 eveningstar of pain (a +3 eveningstar of
                  | distortion bloodied by Kikubaaqudgha)
 35451 | D:13     | Received a gift from Kikubaaqudgha
 35686 | D:13     | Found a runed translucent door.
 35714 | D:13     | Reached skill level 1 in Shields
 35782 | D:13     | Reached skill level 10 in Dodging
 35786 | D:13     | Identified the ring "Wouschez" {Int+6 Dex+5}
 35878 | D:13     | Got the Papyrus of Supportive Contamination
 35909 | D:13     | Found a runed translucent door.
 35911 | D:13     | Found a runed translucent door.
 36163 | D:13     | Learned a level 6 spell: Death Channel
 36474 | D:13     | Learned a level 4 spell: Anguish
 36974 | D:14     | Reached skill level 1 in Maces & Flails
 37457 | D:14     | Found a gate to the Vaults.
 37643 | D:15     | Entered Level 15 of the Dungeon
 37651 | D:15     | Found a stormy altar of Qazlal.
 37707 | D:15     | Found a staircase to the Depths.
 37899 | D:15     | Noticed Nessos
 37928 | D:15     | Killed Nessos
 39045 | Orc:1    | Entered Level 1 of the Orcish Mines
 39643 | Orc:2    | Entered Level 2 of the Orcish Mines
 39645 | Orc:2    | Noticed an orc warlord
 39657 | Orc:2    | Killed an orc warlord
 39658 | Orc:2    | Reached skill level 5 in Shields
 39908 | Orc:2    | Found a staircase to the Elven Halls.
 39923 | Orc:2    | Noticed Saint Roka
 39947 | Orc:2    | Reached skill level 1 in Axes
 40117 | Orc:2    | Found Leplegre's Weapon Shoppe.
 40164 | Orc:2    | Cast into level 4 of the Abyss (Saint Roka)
 40181 | Abyss:4  | Noticed a revenant
 40519 | Abyss:4  | Noticed a tentacled monstrosity
 40534 | Abyss:4  | HP: 3/122 [constriction (8)]
 40535 | Abyss:4  | HP: 1/122 [constriction (4)]
 40536 | Abyss:4  | Mangled by a tentacled monstrosity

Illustrated notes

Levels and vault maps discovered:
D:1:      kilobyte_arrival_exit_the_forest, layout_loops_ring,
          hellmonk_ecumenical_altar_arch_garden, chequers_serial_rivers_micro_d
D:2:      layout_basic
D:3:      layout_basic, serial_shops, nicolae_shop_statue_plus, uniq_grinder,
          uniq_jessica, uniq_sigmund
D:4:      layout_basic, ebering_ghost_rock_garden, kennysheep_generic_room_5,
          uniq_edmund, uniq_robin
D:5:      layout_cave_pools, minmay_temple_entry_antechambers,
          kennysheep_generic_room_2
D:6:      kennysheep_housing_project, layout_basic
D:7:      layout_cave_pools, nicolae_vehumet_altar_sigil
D:8:      layout_basic, minmay_gold_behind_fungi, minivault_10,
          minmay_manual_macuahuitl, uniq_grum, uniq_harold
D:9:      layout_stronghold, erik_lair_orcish_takeover, serial_shops,
          shop_fountains, shop_fountains, shop, nicolae_shop_trees,
          dk_noncrumbling_4, uniq_pikel, uniq_gastronok, uniq_maurice
D:10:     layout_rooms, uniq_nergalle
D:11:     layout_basic, serial_nicolae_subway, nicolae_sub_station_stone,
          nicolae_sub_station_crystal, nicolae_sub_station_metal, uniq_urug,
          uniq_erica
D:12:     layout_loops_ring, minmay_orc_entry_temple_small,
          gammafunk_ghost_split
D:13:     minmay_the_grid_triangle_9x9_rhombus_full_mashed
          [minmay_the_grid_triangle_9x9_wacky_v,
          minmay_the_grid_triangle_9x9_minimal,
          minmay_the_grid_triangle_9x9_shrine,
          minmay_the_grid_triangle_9x9_warning,
          minmay_the_grid_triangle_9x9_fully_insulated_deathbox,
          minmay_the_grid_triangle_9x9_alien,
          minmay_the_grid_triangle_9x9_descending_squares,
          minmay_the_grid_triangle_9x9_prize_insulated], layout_cave_pools,
          argonaut_gorgonesque
D:14:     layout_loops_ring, grunt_vaults_entry_fortified
D:15:     gammafunk_depths_entry_grave, layout_cross, minmay_misc_feat_five,
          grunt_qazlal_sundering, uniq_nessos
Temple:   mainiacjoe_temple_hex_bubbles
Lair:1:   layout_misc_corridors, lemuel_fruit_fields, lemuel_fruit_tree,
          lemuel_fruit_fields, infiniplex_staircase_pool
Lair:2:   regret_index_tunnel_blossom, layout_long_grid, evilmike_ambush
          [evilmike_ambush_outer_corners, evilmike_ambush_inner_cross]
Lair:3:   layout_long_grid, minmay_shoals_entry_hut,
          ebering_ghost_funeral_grove, minmay_stone_trees_large,
          serial_bayou_shore_b
Lair:4:   layout_long_grid, nicolae_spider_entry_orb_guardian, special_room
          [special_room_bee]
Lair:5:   minmay_guarded_unrand_snakebite, layout_small_grid, enter_volcano_2,
          beast_lair_carwin_1, lemuel_fruit_fields
Lair:6:   due_jungle_book, layout_loops_ring, dpeg_slime_entry_enclosed_altar,
          lemuel_oklob_altar, grunt_megastairs_5
Orc:1:    layout_diamond_mine, mines2_david
Orc:2:    grunt_orc_community_town_hall, layout_caves,
          grunt_orc_community_big_house_1, grunt_orc_community_big_house_1,
          grunt_orc_community_house_1, grunt_orc_community_house_2,
          grunt_orc_community_house_1, grunt_orc_community_house_1,
          grunt_orc_community_house_3, grunt_orc_community_house_2,
          uniq_jorgrun, uniq_saint_roka
Abyss:4:  base: D:15, hangedman_abyss_rune_macabre_mess,
          hangedman_shadowy_showcase, nicolae_abyss_rune_left_handed,
          hangedman_abyss_exit_choices, hangedman_decor_points, minivault_13,
          dshaligram_kb_abyss_rune_zappy_water_cross, abyss_furniture_001,
          kilobyte_mutagenic_chamber

Skill      XL: |  1  2  3  4  5  6  7  8  9 10 11 12 13 14 15 |
---------------+----------------------------------------------+-----
Spellcasting   | 3 4 5 6 8 9 10 12 13 14 | 14.0
Fighting       | 1 2 3 4 5 6 7 8 9 11 12 | 12.4
Stealth        | 2 3 4 5 6 7 8 9 10 | 10.0
Dodging        | 2 3 4 5 6 7 8 9 10 | 10.0
Necromancy     | 5 6 7 8 10 11 12 13 14 | 14.0
Translocations | 2 3 5 |  5.0
Earth Magic    | 2 5 |  5.0
Armour         | 2 4 |  4.0
Shields        | 5 |  5.1
Maces & Flails | 4 |  4.1
Axes           | 1 |  1.4

Action                   |  1- 3 |  4- 6 |  7- 9 | 10-12 | 13-15 || total
-------------------------+-------+-------+-------+-------+-------++-------
Melee: Dagger            |    90 |   111 |   434 |   830 |   298 ||  1763
       Punch             |     2 |     1 |     4 |    16 |    31 ||    54
       Whip              |       |    26 |     9 |     2 |   541 ||   578
       Rapier            |       |       |       |       |    88 ||    88
       Eveningstar       |       |       |       |       |   357 ||   357
 Fire: Hunting sling     |       |       |    53 |    25 |       ||    78
 Cast: Pain              |     3 |    16 |    19 |    33 |    92 ||   163
       Animate Skeleton  |     2 |     1 |    15 |    22 |     9 ||    49
       Vampiric Draining |       |     6 |    45 |   134 |   197 ||   382
       Animate Dead      |       |       |     3 |    19 |    39 ||    61
       Blink             |       |       |     1 |     1 |     3 ||     5
       Corpse Rot        |       |       |       |     5 |     5 ||    10
       Borgnjor's Vile C |       |       |       |    18 |   110 ||   128
       Anguish           |       |       |       |       |     7 ||     7
       Death Channel     |       |       |       |       |     3 ||     3
Invok: Receive Corpses   |       |       |       |       |    10 ||    10
       Brand Weapon With |       |       |       |       |     1 ||     1
Evoke: Wand              |       |       |     1 |     7 |       ||     8
       Piece from Xom's  |       |       |       |       |     3 ||     3
  Use: Scroll            |       |       |       |    13 |    12 ||    25
 Stab: Sleeping          |     3 |     1 |     1 |     7 |    17 ||    29
       Paralysed         |       |       |     3 |     4 |       ||     7
       Distracted        |       |       |       |     2 |     5 ||     7
       Petrified         |       |       |       |       |     5 ||     5
Armor: Robe              |     9 |       |       |       |       ||     9
       Ring mail         |    19 |    27 |   137 |   105 |       ||   288
       Acid dragon scale |       |       |       |   171 |    49 ||   220
       Leather armour    |       |       |       |       |   424 ||   424
       Troll leather arm |       |       |       |       |    36 ||    36
Dodge: Dodged            |    36 |    55 |   262 |   765 |  1851 ||  2969
Block: Other             |    16 |    32 |   136 |   209 |    51 ||   444
       Reflection        |       |     1 |     6 |     2 |     1 ||    10

Table legend: (Time is in decaauts)
 A = Elapsed time spent in this place.
 B = Non-inter-level travel time spent in this place.
 C = Inter-level travel time spent in this place.
 D = Time resting spent in this place.
 E = Time spent auto-exploring this place.
 F = Levels seen in this place.
 G = Mean time per level.
                   A        B        C        D        E       F      G
               +--------+--------+--------+--------+--------+-----+--------+
         Total |  40794 |  38744 |   2050 |  12529 |  13336 |  26 | 1569.0 |
       Dungeon |  23869 |  22437 |   1432 |   6674 |   9343 |  15 | 1591.3 |
        Temple |    289 |    247 |     42 |      0 |    245 |   1 |  289.0 |
          Lair |  13674 |  13168 |    506 |   4927 |   3240 |   6 | 2279.0 |
  Orcish Mines |   1144 |   1075 |     69 |    229 |    508 |   2 |  572.0 |
         Abyss |    391 |    391 |      0 |     54 |      0 |   1 |  391.0 |
       Volcano |   1424 |   1424 |      0 |    645 |      0 |   1 | 1424.0 |
               +--------+--------+--------+--------+--------+-----+--------+

Top non-repeatable levels by time:
  Lair:6: 3294 daAuts
     D:8: 3139 daAuts
     D:9: 3030 daAuts
  Lair:2: 2985 daAuts
     D:6: 2335 daAuts
  Lair:5: 2243 daAuts
  Lair:3: 2005 daAuts
  Lair:4: 1976 daAuts
     D:4: 1821 daAuts
    D:12: 1753 daAuts
    D:14: 1626 daAuts
    D:13: 1469 daAuts
 Volcano: 1424 daAuts
     D:3: 1245 daAuts
     D:7: 1244 daAuts
